 Dungeon Crawl Stone Soup version 0.17-a0-974-ga95afb0 (webtiles) character file.

212 Ngotmuk the Chopper (level 5, -6/50 HPs)
             Began as a Deep Dwarf Fighter on May 10, 2015.
             Mangled by an iguana (7 damage)
             ... on level 4 of the Dungeon.
             The game lasted 00:04:26 (2668 turns).

Ngotmuk the Chopper (Deep Dwarf Fighter)            Turns: 2668, Time: 00:04:26

Health: -6/50      AC: 14    Str: 21    XL:     5   Next: 58%
Magic:  5/5        EV:  6    Int: 12    God:
Gold:   199        SH:  6    Dex: 12    Spells: 0 memorised, 4 levels left

rFire  . . .     SeeInvis .     a - +0 war axe
rCold  . . .     Clarity  .     t - +0 plate armour "Oteepacziu" {Int+4}
rNeg   . . .     SustAb   .     i - +1 buckler {AC+3}
rPois  .         Gourm    .     (no helmet)
rElec  .         Spirit   .     (no cloak)
rCorr  .         Warding  .     (no gloves)
rMut   .         Stasis   .     (no boots)
MR     .....                    (no amulet)
Stlth  ..........               (no ring)
                                (no ring)

@: non-regenerating, not resistant to hostile enchantments, extremely unstealthy
A: damage resistance, recharge devices, sense surroundings 1, slow healing 3
a: Device Recharging


You were on level 4 of the Dungeon.
You were not hungry.

You visited 1 branch of the dungeon, and saw 4 of its levels.

You collected 199 gold pieces.

Inventory:

Hand weapons
 a - a +0 war axe (weapon)
Armour
 i - a +1 buckler of protection (worn)
 t - the +0 plate armour "Oteepacziu" (worn) {Int+4}
   (You found it on level 4 of the Dungeon)

   It affects your intelligence (+4).
Magical devices
 e - a wand of heal wounds (3)
Scrolls
 b - a scroll of immolation {unknown}
 g - 5 scrolls of identify {unknown}
 j - 3 scrolls of teleportation {unknown}
 m - a scroll of enchant armour {unknown}
 n - a scroll of remove curse {unknown}
 q - a scroll of fog {unknown}
 r - a scroll of fear {unknown}
Potions
 c - a potion of ambrosia {unknown}
 d - a potion of might
 h - 3 potions of curing {unknown}
 o - a potion of agility {unknown}
Comestibles
 f - 2 bread rations
 k - 5 fruits
 l - a royal jelly
 s - a slice of pizza


   Skills:
 * Level 3.9 Fighting
 * Level 4.5 Axes
 + Level 3.6 Armour
 + Level 4.1 Shields


You had 4 spell levels left.
You didn't know any spells.

Dungeon Overview and Level Annotations

Branches:
Dungeon (4/15)
 Temple: D:4-7

Altars:
Xom


Innate Abilities, Weirdness & Mutations

You are resistant to damage.
You can recharge devices by infusing magical energy.
You passively map a small area around you.
You do not heal naturally.


Message History

You drop a +0 chain mail.
An iguana comes into view.
The iguana hisses menacingly.
The iguana bites you!
You hit the iguana but do no damage. You block the iguana's attack.
The iguana closely misses you.
You hit the iguana but do no damage. The iguana closely misses you.
You closely miss the iguana. You block the iguana's attack.
You closely miss the iguana. The iguana bites you.
* * * LOW HITPOINT WARNING * * *
The iguana bites you!
* * * LOW HITPOINT WARNING * * *
You slash the iguana!
The iguana is severely wounded.
The iguana bites you!
* * * LOW HITPOINT WARNING * * *
You hit the iguana but do no damage.
The iguana is severely wounded.
The iguana bites you!
You die...

** #[# #..#,* ,#.#
##.#, * ####.# #.#
* , , ..#.# #.#,* *
, #.#.# #.# *,,, ,
##.#.#####.#, # , ,
#..........# ##..#
,####.#######.....#
#......@l.....# ,**
#############.# * ,
* * * * * * , * ,
,, * ** ** , * , ,
* *


You could see an iguana.

Vanquished Creatures
  2 hounds (D:4)
  A worker ant (D:4)
  3 adders
  An ooze (D:3)
  2 worms (D:2)
  7 giant geckos (D:3)
  8 orcs (D:3)
  A ball python (D:4)
  12 hobgoblins
  10 bats
  4 giant newts
  5 goblins
  2 jackals (D:3)
  A jackal skeleton (D:4)
  15 kobolds
  7 rats
  A plant (D:3)
82 creatures vanquished.

Notes
Turn   | Place    | Note
--------------------------------------------------------------
     0 | D:1      | Ngotmuk, the Deep Dwarf Fighter, began the quest for the Orb.
     0 | D:1      | Reached XP level 1. HP: 20/20 MP: 1/1
   295 | D:1      | Reached XP level 2. HP: 27/27 MP: 2/2
   774 | D:2      | Reached XP level 3. HP: 10/34 MP: 3/3
  1084 | D:2      | HP: 1/34 [hobgoblin/club (2)]
  1268 | D:3      | Reached XP level 4. HP: 25/42 MP: 4/4
  1905 | D:4      | Reached skill level 4 in Axes
  1918 | D:4      | Reached XP level 5. HP: 30/50 MP: 5/5
  1977 | D:4      | Found Niddack's Book Shoppe.
  2165 | D:4      | Found a shimmering altar of Xom.
  2638 | D:4      | Got an obsidian-encrusted plate armour
  2649 | D:4      | Identified the +0 plate armour "Oteepacziu" {Int+4} (You found it on level 4 of the Dungeon)
  2667 | D:4      | HP: 1/50 [iguana (4)]
  2668 | D:4      | Mangled by an iguana

Vault maps used:
D:1:      dpeg_arrival_chase, roderic_serpentine_path
D:2:      first_bread, kennysheep_generic_room_7
D:3:      serial_park_tiny_pond, lexackson_kobold_supper
D:4:      nicolae_overflow_crystal_walls, serial_shops, shop

Action                   |  1- 3 |  4- 6 || total
-------------------------+-------+-------++-------
Melee: War axe           |   133 |   182 ||   315
Evoke: Wand              |     1 |     1 ||     2
  Eat: Pizza             |     1 |       ||     1
       Beef jerky        |       |     3 ||     3
